 Dungeon Crawl Stone Soup version 0.29.1-4-g47bece8355 (webtiles) character file.

Game seed: 2094964570199624365

51 iamoutofideas the Chopper (level 3, -2/31 HPs)
             Began as a Hill Orc Gladiator on Dec 8, 2022.
             Slain by Sigmund
             ... wielding a +0 scythe
              (9 damage)
             ... on level 2 of the Dungeon.
             The game lasted 00:01:04 (1328 turns).

iamoutofideas the Chopper (Hill Orc Gladiator)      Turns: 1328, Time: 00:01:04

Health: -2/31      AC:  6    Str: 18    XL:     3   Next: 81%
Magic:  3/3        EV: 11    Int:  8    God:
Gold:   168        SH:  0    Dex: 12    Spells: 2/2 levels left

rFire   . . .      SeeInvis .   a - +0 war axe
rCold   . . .      Faith    .   (no shield)
rNeg    . . .      Spirit   .   k - +0 ring mail
rPois   .          Reflect  .   c - +0 helmet
rElec   .          Harm     .   (no cloak)
rCorr   .          Rampage  .   (no gloves)
Will    .....                   (no boots)
Stlth   +.........              (no amulet)
HPRegen 0.10/turn               (no ring)
MPRegen 0.08/turn               (no ring)

@: no status effects
A: no striking features
a: no special abilities


You were on level 2 of the Dungeon.
You visited 1 branch of the dungeon, and saw 2 of its levels.

You collected 168 gold pieces.

Inventory:

Hand Weapons
 a - a +0 war axe (weapon)
Missiles
 d - 3 throwing nets (quivered)
 e - 4 javelins
Armour
 b - a +0 leather armour
 c - a +0 helmet (worn)
 k - a +0 ring mail (worn)
Scrolls
 f - 2 scrolls of magic mapping {unknown}
 g - a scroll of immolation {unknown}
 i - a scroll of silence {unknown}
 j - a scroll of vulnerability {unknown}
 l - a scroll of identify {unknown}
Potions
 h - a potion of ambrosia {unknown}
 m - a potion of heal wounds {unknown}


   Skills:
 + Level 3.1 Fighting
 + Level 5.3 Axes
 - Level 2.0 Throwing
 - Level 2.5 Dodging


You had 2 spell levels left.
You didn't know any spells.
Your spell library contained the following spells:

 Spells                   Type           Power      Damage    Failure   Level
 Ignite Poison            Fire/Tmut/Pois 0%         N/A       93%         3
 Spider Form              Tmut/Pois      0%         N/A       93%         3
 Olgreb's Toxic Radiance  Pois           0%         N/A       100%        4


Dungeon Overview and Level Annotations

Branches:
Dungeon (2/15)

Altars:

Annotations:
D:2 Sigmund


Message History

The quokka is almost dead.
The quokka bites you but does no damage.
You hit the quokka.
You kill the quokka!
No target in view!
You now have 135 gold pieces (gained 12).
There is a stone staircase leading up here.
You now have 149 gold pieces (gained 14).
Key pressed, stopping explore.
No target in view!
You now have 168 gold pieces (gained 19).
Sigmund the Dreaded comes into view.
He is wielding a +0 scythe.
Sigmund shouts!
Sigmund gestures at you while chanting. The magic dart hits you!
Sigmund is nearby!
Sigmund closely misses you.
Sigmund is nearby!
Sigmund is nearby!
Sigmund closely misses you.
You closely miss Sigmund. You slash Sigmund!
Sigmund is heavily wounded.
Sigmund hits you with a +0 scythe.
You hit Sigmund but do no damage.
Sigmund is heavily wounded.
Sigmund gestures wildly while chanting.
Sigmund flickers and vanishes!
Deactivating autopickup; reactivate with Ctrl-A.
No target in view!
You hit something. Something hits you.
You closely miss something. Something hits you.
You hit something.
You hear some strange, mumbled words.
Something tries to affect you, but you resist.
You barely miss something. Something hits you.
* * * LOW HITPOINT WARNING * * *
You miss something. Something hits you but does no damage.
You closely miss something. Something hits you!
You die...

...............#
#########.#.#..#
#########.#.#..#
...............#
#########.#.#.## #
####......#.#.# .#
.......####.#.####.#
####...####.#.#..{.##.##
.........##.#...@.......
####.....##.###?..######
#.....##.# #...# #...###
##### #.... #.....
#...... #.#.###


There were no monsters in sight!

Vanquished Creatures
  A gnoll (D:1)
  2 dart slugs
  3 ball pythons
  2 endoplasms (D:1)
  3 giant cockroaches
  5 goblins
  3 hobgoblins
  2 jackals (D:1)
  2 quokkas (D:2)
  2 bats (D:1)
  2 frilled lizards
  4 kobolds
  A rat (D:1)
32 creatures vanquished.

Notes
Turn   | Place    | Note
-------+----------+-------------------------------------------
     0 | D:1      | iamoutofideas the Hill Orc Gladiator began the quest for
                  | the Orb.
     0 | D:1      | Reached XP level 1. HP: 18/18 MP: 1/1
    67 | D:1      | Reached XP level 2. HP: 14/25 MP: 2/2
   247 | D:1      | Got the Almanac of Reformed Envenoming
   457 | D:1      | Reached XP level 3. HP: 30/30 MP: 3/3
   776 | D:1      | Reached skill level 5 in Axes
  1316 | D:2      | Noticed Sigmund
  1328 | D:2      | Slain by Sigmund

Illustrated notes

Levels and vault maps discovered:
D:1:      ebering_trefoil_3fold, layout_basic
D:2:      layout_basic, chequers_hall_statues_y, grunt_ministairs_2,
          uniq_sigmund

Skill      XL: |  1  2  3 |
---------------+----------+-----
Throwing       | 2 |  2.0
Fighting       | 3 |  3.1
Axes           | 5 |  5.3
Dodging        | |  2.5

Action                   || total
-------------------------++-------
Melee: War axe           ||    95
       Punch             ||     1
Armor: Leather armour    ||    23
       Ring mail         ||     8
Dodge: Dodged            ||    63
